Map: 奥德赛 - 天梯版

Players

IIIIIIIIIIII

  • Race: Protoss Protoss
  • League: Grandmaster
  • Spawn Location: 5:00

电脑难度(新手) - Winner!

  • Race: Protoss Protoss
  • Spawn Location: 11:00

VOD

Have the link to the VOD?

Description

Time

  • Played on: Jan. 22, 2018, 9:11 p.m.
  • Length: 5:05
Show
View Real Time Build Order
Export as new Build Order

IIIIIIIIIIII Protoss 

Build Orders: Oracle Opening 

Get SALT Encoding   

  12  0:01  Probe  
  13  0:13  Probe  
  14  0:18  Pylon  
  14  0:26  Probe (Chrono Boost)  
  15  0:38  Probe (Chrono Boost)  
  15  0:41  Gateway  
  16  0:46  Probe (Chrono Boost)  
  16  0:47  Assimilator  
  17  0:52  Probe  
  17  0:56  Assimilator  
  18  1:04  Probe  
  19  1:16  Probe  
  20  1:20  Gateway  
  20  1:28  Probe  
  20  1:30  Cybernetics Core  
  21  1:38  Pylon  
  21  1:41  Probe  
  22  1:53  Probe  
  23  2:06  Stargate  
  23  2:09  Stalker  
  23  2:14  Stalker  
  27  2:17  Warp Gate  
  27  2:25  Pylon  
  27  2:39  Adept  
  29  2:46  Adept  
  29  2:50  Oracle (Chrono Boost)  
  31  2:56  Pylon  
  34  3:02  Probe  
  35  3:19  Oracle (Chrono Boost)  
  38  3:30  Stalker  
  38  3:31  Pylon  
  40  3:43  Stalker  
  40  3:47  Probe  
  43  4:06  Nexus  
  43  4:09  Shield Battery  
  43  4:22  Stalker  
  45  4:26  Stalker  
  45  4:29  Probe  
  48  4:42  Shield Battery  
  48  4:50  Robotics Facility  
  48  4:52  Probe  
Show
View Real Time Build Order
Export as new Build Order

电脑难度(新手) Protoss - Winner!

Build Orders:  

Get SALT Encoding   

  12  0:00  Probe  
  13  0:13  Probe  
  14  0:19  Pylon  
  14  0:37  Assimilator  
  14  0:43  Gateway  
  14  0:47  Pylon  
  14  1:13  Assimilator  
  14  1:26  Probe  
  14  1:32  Zealot  
  17  1:33  Cybernetics Core  
  17  1:38  Probe  
  18  1:51  Probe  
  19  2:03  Probe  
  20  2:10  Warp Gate  
  20  2:15  Probe  
  21  2:27  Probe  
  22  2:41  Stalker  
  24  3:43  Probe  
  19  3:55  Probe  
  20  4:07  Probe  
  21  4:19  Probe  
  22  4:31  Probe  
  21  4:43  Probe  
Tags
 
Add a new tag
Caveats
  • Supply blocks, unpowered buildings, or Contaminate may cause inaccurate times.
  • Supply counts are checked every 10 seconds.